 Dungeon Crawl Stone Soup version 0.21.1-1-g345015fe64 (console) character file.

10 JoyOfArete the Chopper (level 2, 0/40 HPs)
             Began as a Hill Orc Monk on June 11, 2018.
             Succumbed to a kobold's poison
             ... on level 1 of the Dungeon.
             The game lasted 00:01:23 (855 turns).

JoyOfArete the Chopper (Hill Orc Monk)               Turns: 855, Time: 00:01:24

Health: 0/40       AC: 21    Str: 13    XL:     2   Next: 20%
Magic:  2/2        EV:  2    Int: 15    God:
Gold:   20         SH:  0    Dex: 13    Spells: 1/1 levels left

rFire    . . .     SeeInvis .   a - +0 hand axe
rCold    . . .     Gourm    .   (no shield)
rNeg     + + +     Faith    .   (armour currently unavailable)
rPois    +         Spirit   .   (helmet currently unavailable)
rElec    .         Reflect  .   (cloak currently unavailable)
rCorr    .         Harm     .   (gloves currently unavailable)
MR       .....     NoTele   +   (boots currently unavailable)
Stlth    ++........             (no amulet)
HPRegen  0.13/turn              (no ring)
MPRegen  0.08/turn              (no ring)

@: brilliant, lethally poisoned (0 -> -22), tree-form
A: no striking features
a: no special abilities


You were on level 1 of the Dungeon.
You were not hungry.
You were a tree.
You visited 1 branch of the dungeon, and saw 1 of its levels.

You collected 20 gold pieces.


   Skills:
 + Level 3.8 Fighting
 * Level 4.4 Axes
 + Level 0.7 Armour
 - Level 2.4 Dodging
 - Level 1.5 Stealth


You had one spell level left.
You didn't know any spells.

Inventory:

Hand Weapons
 a - a +0 hand axe (weapon)
Missiles
 d - 43 stones (quivered)
Armour
 b - a +0 robe (melded)
Scrolls
 e - a scroll of identify {unknown}
 f - a scroll of fear {unknown}
 j - a scroll of enchant armour {unknown}
Comestibles
 c - 3 rations {@e1}

Dungeon Overview and Level Annotations

Branches:
Dungeon (1/15)

Altars:
Nemelex Xobeh

#...⌠
#############################
#............................
#.###########################
####.# #....#### #######
#.#####.## #.....# #........#
#.....# #........# #.....#
#........# #.....#
#........#########.....#
##........#.............#
......................####
##########..............#
........................#
#########.#.##..........#
#.#.############# #.#.# ..
#.#♣# ### #.#)# .......g#
#####.### #. . .. .. ...


You could see a hobgoblin.


Message History

You are lethally poisoned!
Press: ? - help, v - describe, . - travel
Here: a kobold, wielding a whip of venom The floor, spattered with blood.
It was a potion of brilliance.
You feel clever all of a sudden.
* * * LOW HITPOINT WARNING * * *
You feel sick.
The kobold hits you with a whip of venom.
* * * LOW HITPOINT WARNING * * *
You are more poisoned.
It was a potion of lignification.
You turn into a tree.
Your +0 robe melds into your body.
Your roots penetrate the ground.
* * * LOW HITPOINT WARNING * * *
You feel very sick.
The kobold hits you with a whip of venom.
* * * LOW HITPOINT WARNING * * *
You closely miss the kobold.
* * * LOW HITPOINT WARNING * * *
You feel sick. The kobold hits you but does no damage.
You hit the kobold but do no damage.
* * * LOW HITPOINT WARNING * * *
You feel very sick. The kobold hits you but does no damage.
You hit the kobold.
The kobold is heavily wounded.
* * * LOW HITPOINT WARNING * * *
You feel sick. The kobold hits you but does no damage.
You hit the kobold.
You kill the kobold!
You die...

Action                   || total
-------------------------++-------
Melee: Hand axe          ||    34
  Use: Potion            ||     2
 Stab: Sleeping          ||     2
Armor: Robe              ||     5
       Skin              ||     3
Dodge: Dodged            ||    20

Vault maps used:
D:1:      ncdulo_watergridlock, nemelex_xobeh_ov_fountains_minmay

Notes
Turn   | Place    | Note
-------+----------+-------------------------------------------
     0 | D:1      | JoyOfArete the Hill Orc Monk began the quest for the Orb.
     0 | D:1      | Reached XP level 1. HP: 19/19 MP: 1/1
   739 | D:1      | Found a sparkling altar of Nemelex Xobeh.
   742 | D:1      | Reached XP level 2. HP: 27/27 MP: 2/2
   853 | D:1      | HP: 4/40 [poisoned by a kobold]
   855 | D:1      | Succumbed to a kobold's poison

Vanquished Creatures
  A bat (D:1)
  A hobgoblin (D:1)
  2 goblins (D:1)
  4 kobolds (D:1)
  A rat (D:1)
9 creatures vanquished.

Table legend:
 A = Turns spent in this place as a percentage of turns spent in the entire game.
 B = Non-inter-level travel turns spent in this place as a percentage of non-inter-level travel turns spent in the entire game.
 C = Inter-level travel turns spent in this place as a percentage of turns spent in this place.
 D = Turns resting spent in this place as a percentage of non-inter-level travel turns spent in this place.
 E = Turns spent auto-exploring this place as a percentage of non-inter-level travel turns spent in this place.
 F = Non-inter-level travel turns spent in this place divided by the number of levels of this place that you've seen.
                   A       B       C       D       E      F
               +-------+-------+-------+-------+-------+----------------------
         Total | 100.0 | 100.0 |   0.0 |  55.8 |  32.9 | 855.0
       Dungeon | 100.0 | 100.0 |   0.0 |  55.8 |  32.9 | 855.0
               +-------+-------+-------+-------+-------+----------------------

Table legend:
 A = Spawn XP
 B = Non-spawn XP
 C = Spawn XP percentage of total XP
 D = Spawn monster count
 E = Non-spawn monster count
 F = Spawn count percentage of total count
 G = Total turns spent on level
                    A         B        C        D         E        F      G
               +---------+---------+-------+---------+---------+-------+---------
         Total |       0 |      15 |   0.0 |       0 |       9 |   0.0 |   855
               +---------+---------+-------+---------+---------+-------+---------
           D:1 |       0 |      15 |   0.0 |       0 |       9 |   0.0 |   855
               +---------+---------+-------+---------+---------+-------+---------
